2656 views
Uploaded 2019-12-01 21:22:50
Game version 1.32.0.3 / 1.32.0.3.1
10:00 long 4on4 ladder game on (8)Mur'gulOasis_LV
Saved by BEARAND
2656 views
Uploaded 2019-12-01 21:22:50
Game version 1.32.0.3 / 1.32.0.3.1
10:00 long 4on4 ladder game on (8)Mur'gulOasis_LV


83 units @ 5.8k
/ 0k
79 buildings @ 5.9k
/ 2.6k


| Peasant | 27 | 2025 | / | 0 |
| total: | 27 | 2025g | / | 0w |
| Scout Tower | 26 | 780 | / | 520 |
| Guard Tower | 16 | 1120 | / | 800 |
| Altar of Kings | 1 | 180 | / | 50 |
| Farm | 5 | 400 | / | 100 |
| Lumber Mill | 1 | 120 | / | 0 |
| Town Hall | 1 | 385 | / | 205 |
| Keep | 1 | 320 | / | 210 |
| total: | 34 | 1865g | / | 875w |
| 0:01 | Peasant |
| 0:01 | Peasant |
| 0:05 | Altar of Kings |
| 0:08 | Farm |
| 0:09 | Farm |
| 0:37 | Peasant |
| 0:40 | Peasant |
| 0:56 | Peasant |
| 1:05 | Peasant |
| 1:12 | Peasant |
| 1:15 | Lumber Mill |
| 1:16 | Peasant |
| 1:33 | Peasant |
| 1:40 | Peasant |
| 1:51 | Peasant |
| 2:05 | Summon Water Elemental |
| 2:09 | Peasant |
| 2:20 | Improved Masonry |
| 2:21 | Peasant |
| 2:40 | Farm |
| 2:44 | Peasant |
| 2:55 | Advanced Masonry |
| 3:01 | Peasant |
| 3:12 | Farm |
| 3:15 | Peasant |
| 3:41 | Peasant |
| 3:43 | Peasant |
| 4:04 | Peasant |
| 4:28 | Peasant |
| 5:10 | Keep |
| 5:13 | Farm |
| 5:57 | Brilliance Aura |
| 6:02 | Scout Tower |
| 6:03 | Scout Tower |
| 6:11 | Scout Tower |
| 6:28 | Scout Tower |
| 6:29 | Town Hall |
| 6:31 | Scout Tower |
| 6:32 | Scout Tower |
| 6:34 | Scout Tower |
| 6:34 | Scout Tower |
| 6:44 | Guard Tower |
| 6:50 | Scout Tower |
| 6:54 | Guard Tower |
| 6:56 | Scout Tower |
| 7:01 | Guard Tower |
| 7:14 | Guard Tower |
| 7:18 | Guard Tower |
| 7:39 | Peasant |
| 7:39 | Peasant |
| 8:10 | Guard Tower |
| 8:28 | Peasant |
| 8:29 | Peasant |
| 8:33 | Scout Tower |
| 8:33 | Scout Tower |
| 8:33 | Scout Tower |
| 8:34 | Scout Tower |
| 8:34 | Scout Tower |
| 8:35 | Summon Water Elemental |
| 8:45 | Scout Tower |
| 8:55 | Scout Tower |
| 8:56 | Scout Tower |
| 8:56 | Scout Tower |
| 8:57 | Scout Tower |
| 8:58 | Scout Tower |
| 8:58 | Scout Tower |
| 9:11 | Storm Bolt |
| 9:19 | Guard Tower |
| 9:20 | Guard Tower |
| 9:22 | Scout Tower |
| 9:22 | Scout Tower |
| 9:24 | Guard Tower |
| 9:25 | Guard Tower |
| 9:37 | Scout Tower |
| 9:37 | Scout Tower |
| 9:50 | Guard Tower |
| 9:51 | Guard Tower |
| 9:52 | Peasant |
| 9:52 | Peasant |
| 9:52 | Peasant |
| 9:55 | Guard Tower |
| Right click | 583 |
| Select | 254 |
| Build/train/purchase | 74 |
| Select group | 47 |
| Resource trade | 23 |
| Assign group | 15 |
| Chat | 7 |
| Minimap ping | 3 |
| Misc. action | 1 |
| Use ability | 1 |
| Remove unit | 1 |


| Staff of Teleportation | 1 | 150 |
| Boots of Speed | 1 | 250 |
| total: | 2 | 400g |
| Peasant | 25 | 1875 | / | 0 |
| total: | 25 | 1875g | / | 0w |
| Scout Tower | 28 | 840 | / | 560 |
| Arcane Tower | 1 | 70 | / | 50 |
| Guard Tower | 9 | 630 | / | 450 |
| Altar of Kings | 1 | 180 | / | 50 |
| Farm | 3 | 240 | / | 60 |
| Lumber Mill | 1 | 120 | / | 0 |
| Keep | 1 | 320 | / | 210 |
| Castle | 1 | 360 | / | 210 |
| total: | 33 | 1380g | / | 670w |
| 0:02 | Peasant |
| 0:02 | Peasant |
| 0:06 | Altar of Kings |
| 0:08 | Farm |
| 0:14 | Peasant |
| 0:17 | Peasant |
| 0:26 | Peasant |
| 0:36 | Peasant |
| 0:47 | Lumber Mill |
| 1:02 | Peasant |
| 1:04 | Peasant |
| 1:19 | Peasant |
| 1:35 | Farm |
| 1:39 | Peasant |
| 1:47 | Peasant |
| 1:52 | Scout Tower |
| 1:55 | Scout Tower |
| 2:00 | Peasant |
| 2:03 | Farm |
| 2:05 | Summon Water Elemental |
| 2:12 | Peasant |
| 2:12 | Peasant |
| 2:20 | Arcane Tower |
| 2:21 | Guard Tower |
| 2:44 | Improved Masonry |
| 3:07 | Peasant |
| 3:08 | Peasant |
| 3:14 | Peasant |
| 4:25 | Scout Tower |
| 4:25 | Scout Tower |
| 4:26 | Scout Tower |
| 4:28 | Scout Tower |
| 4:28 | Scout Tower |
| 4:29 | Scout Tower |
| 4:30 | Scout Tower |
| 4:31 | Peasant |
| 4:31 | Peasant |
| 4:31 | Peasant |
| 4:34 | Scout Tower |
| 4:35 | Scout Tower |
| 4:37 | Scout Tower |
| 4:39 | Scout Tower |
| 4:42 | Scout Tower |
| 4:55 | Guard Tower |
| 4:57 | Guard Tower |
| 5:05 | Brilliance Aura |
| 5:09 | Guard Tower |
| 5:11 | Guard Tower |
| 5:15 | Peasant |
| 5:50 | Peasant |
| 5:50 | Peasant |
| 5:53 | Guard Tower |
| 6:19 | Scout Tower |
| 6:20 | Scout Tower |
| 6:20 | Scout Tower |
| 6:21 | Scout Tower |
| 6:24 | Scout Tower |
| 6:25 | Scout Tower |
| 6:27 | Keep |
| 6:57 | Guard Tower |
| 7:07 | Staff of Teleportation |
| 7:07 | Boots of Speed |
| 7:20 | Guard Tower |
| 7:28 | Scout Tower |
| 7:28 | Scout Tower |
| 7:29 | Scout Tower |
| 7:31 | Scout Tower |
| 8:33 | Guard Tower |
| 8:38 | Scout Tower |
| 8:38 | Scout Tower |
| 8:40 | Scout Tower |
| 8:40 | Scout Tower |
| 8:53 | Pocket Factory |
| 9:04 | Peasant |
| 9:04 | Peasant |
| 9:05 | Advanced Masonry |
| 9:43 | Summon Water Elemental |
| 9:56 | Castle |
| Right click | 386 |
| Select group | 188 |
| Select | 148 |
| Build/train/purchase | 70 |
| Misc. action | 23 |
| Use ability | 9 |
| Assign group | 4 |
| Esc | 4 |
| Resource trade | 4 |
| Minimap ping | 1 |


| Boots of Speed | 1 | 250 |
| Staff of Teleportation | 1 | 150 |
| total: | 2 | 400g |
| Wisp | 17 | 1020 | / | 0 |
| total: | 17 | 1020g | / | 0w |
| Altar of Elders | 1 | 180 | / | 50 |
| Moon Well | 2 | 360 | / | 80 |
| Tree of Life | 1 | 340 | / | 185 |
| Tree of Ages | 1 | 320 | / | 180 |
| total: | 4 | 880g | / | 315w |
| 0:02 | Wisp |
| 0:03 | Wisp |
| 0:09 | Altar of Elders |
| 0:11 | Moon Well |
| 0:21 | Wisp |
| 0:33 | Wisp |
| 1:00 | Wisp |
| 1:10 | Wisp |
| 1:26 | Tree of Life |
| 1:32 | Wisp |
| 1:32 | Wisp |
| 1:47 | Moon Well |
| 1:50 | Wisp |
| 2:07 | Wisp |
| 2:09 | Wisp |
| 2:21 | Pocket Factory |
| 2:33 | Wisp |
| 4:03 | Wisp |
| 4:03 | Wisp |
| 4:03 | Wisp |
| 4:53 | Wisp |
| 4:53 | Wisp |
| 5:42 | Tree of Ages |
| 6:48 | Engineering Upgrade |
| 7:39 | Boots of Speed |
| 7:40 | Staff of Teleportation |
| 9:01 | Force of Nature |
| 9:24 | Pocket Factory |
| Right click | 730 |
| Select | 182 |
| Misc. action | 55 |
| Build/train/purchase | 28 |
| Use ability | 27 |
| Resource trade | 12 |
| Select group | 7 |
| Assign group | 2 |


| Staff of Teleportation | 1 | 150 |
| Boots of Speed | 1 | 250 |
| total: | 2 | 400g |
| Wisp | 14 | 840 | / | 0 |
| total: | 14 | 840g | / | 0w |
| Ancient Protector | 1 | 135 | / | 80 |
| Moon Well | 3 | 540 | / | 120 |
| Tree of Life | 2 | 680 | / | 370 |
| Altar of Elders | 1 | 180 | / | 50 |
| Hunter's Hall | 1 | 210 | / | 100 |
| Tree of Ages | 1 | 320 | / | 180 |
| Tree of Eternity | 1 | 330 | / | 200 |
| total: | 8 | 1745g | / | 720w |
| 0:02 | Wisp |
| 0:09 | Wisp |
| 0:33 | Moon Well |
| 0:33 | Wisp |
| 0:38 | Tree of Life |
| 0:42 | Wisp |
| 0:59 | Wisp |
| 1:16 | Altar of Elders |
| 1:18 | Wisp |
| 1:25 | Wisp |
| 1:30 | Wisp |
| 1:48 | Wisp |
| 2:01 | Wisp |
| 2:04 | Moon Well |
| 2:05 | Moon Well |
| 2:24 | Wisp |
| 2:29 | Summon Quilbeast |
| 2:40 | Tree of Life |
| 3:10 | Wisp |
| 3:10 | Wisp |
| 3:33 | Wisp |
| 4:08 | Tree of Ages |
| 6:42 | Summon Bear |
| 6:58 | Hunter's Hall |
| 7:00 | Tree of Eternity |
| 7:20 | Summon Lava Spawn |
| 9:03 | Ancient Protector |
| 9:13 | Soul Burn |
| 9:49 | Staff of Teleportation |
| 9:50 | Boots of Speed |
| Right click | 628 |
| Select | 213 |
| Select group | 76 |
| Assign group | 72 |
| Build/train/purchase | 43 |
| Resource trade | 27 |
| Use ability | 6 |
/ 0.3k
33 buildings @ 5.6k
/ 1.6k

| Acolyte | 3 | 225 | / | 0 |
| Ghoul | 10 | 1200 | / | 0 |
| total: | 13 | 1425g | / | 0w |
| Ziggurat | 3 | 450 | / | 150 |
| Crypt | 1 | 200 | / | 50 |
| Altar of Darkness | 1 | 180 | / | 50 |
| Graveyard | 1 | 215 | / | 0 |
| Halls of the Dead | 1 | 320 | / | 210 |
| total: | 6 | 1045g | / | 250w |
| 0:03 | Acolyte |
| 0:05 | Ziggurat |
| 0:07 | Crypt |
| 0:11 | Acolyte |
| 0:27 | Acolyte |
| 0:52 | Altar of Darkness |
| 1:03 | Ziggurat |
| 1:09 | Ghoul |
| 1:29 | Ghoul |
| 1:44 | Ghoul |
| 1:58 | Ghoul |
| 2:25 | Halls of the Dead |
| 2:29 | Ghoul |
| 2:46 | Ghoul |
| 2:55 | Death Coil |
| 3:02 | Graveyard |
| 3:26 | Ghoul |
| 3:52 | Ziggurat |
| 4:03 | Ghoul |
| 5:36 | Ghoul |
| 5:52 | Unholy Aura |
| 5:57 | Unholy Aura |
| 6:04 | Ghoul |
| Right click | 150 |
| Select | 62 |
| Select group | 27 |
| Misc. action | 26 |
| Build/train/purchase | 18 |
| Assign group | 7 |
| Use ability | 5 |

| Peon | 10 | 750 | / | 0 |
| Grunt | 3 | 600 | / | 0 |
| total: | 13 | 1350g | / | 0w |
| Altar of Storms | 1 | 180 | / | 50 |
| Orc Burrow | 4 | 640 | / | 160 |
| Barracks | 1 | 180 | / | 50 |
| Voodoo Lounge | 2 | 260 | / | 60 |
| War Mill | 1 | 205 | / | 0 |
| total: | 9 | 1465g | / | 320w |
| 0:07 | Peon |
| 0:07 | Peon |
| 0:12 | Altar of Storms |
| 0:15 | Orc Burrow |
| 0:18 | Orc Burrow |
| 0:21 | Peon |
| 0:38 | Peon |
| 0:43 | Peon |
| 0:55 | Peon |
| 1:12 | Barracks |
| 1:24 | Peon |
| 1:44 | Orc Burrow |
| 1:51 | Peon |
| 1:55 | Peon |
| 2:06 | Voodoo Lounge |
| 2:13 | Voodoo Lounge |
| 2:16 | Wind Walk |
| 2:26 | Peon |
| 3:25 | War Mill |
| 3:44 | Grunt |
| 3:51 | Grunt |
| 4:02 | Grunt |
| 5:56 | Pillage |
| 6:38 | Orc Burrow |
| Right click | 198 |
| Select | 89 |
| Build/train/purchase | 23 |
| Select group | 16 |
| Misc. action | 14 |
| Resource trade | 12 |
| Esc | 5 |
| Assign group | 1 |

| Wisp | 8 | 480 | / | 0 |
| Archer | 5 | 650 | / | 50 |
| total: | 13 | 1130g | / | 50w |
| Altar of Elders | 1 | 180 | / | 50 |
| Moon Well | 2 | 360 | / | 80 |
| Ancient of War | 1 | 150 | / | 60 |
| Hunter's Hall | 1 | 210 | / | 100 |
| total: | 5 | 900g | / | 290w |
| 0:11 | Altar of Elders |
| 0:12 | Wisp |
| 0:13 | Wisp |
| 0:31 | Moon Well |
| 0:40 | Wisp |
| 1:03 | Ancient of War |
| 1:07 | Wisp |
| 1:07 | Wisp |
| 1:30 | Wisp |
| 1:58 | Wisp |
| 2:06 | Moon Well |
| 2:09 | Archer |
| 2:09 | Archer |
| 2:21 | Mana Burn |
| 3:05 | Hunter's Hall |
| 3:07 | Archer |
| 3:08 | Archer |
| 3:28 | Archer |
| 3:31 | Wisp |
| Right click | 57 |
| Select | 36 |
| Build/train/purchase | 16 |
| Select group | 7 |
| Assign group | 2 |
| Misc. action | 2 |
| Use ability | 1 |

| Wisp | 17 | 1020 | / | 0 |
| Archer | 27 | 3510 | / | 270 |
| total: | 44 | 4530g | / | 270w |
| Ancient Protector | 3 | 405 | / | 240 |
| Altar of Elders | 1 | 180 | / | 50 |
| Moon Well | 5 | 900 | / | 200 |
| Ancient of War | 3 | 450 | / | 180 |
| Hunter's Hall | 1 | 210 | / | 100 |
| total: | 13 | 2145g | / | 770w |
| 0:02 | Wisp |
| 0:02 | Wisp |
| 0:02 | Wisp |
| 0:02 | Wisp |
| 0:10 | Altar of Elders |
| 0:14 | Wisp |
| 0:33 | Moon Well |
| 0:34 | Moon Well |
| 0:37 | Wisp |
| 0:41 | Ancient of War |
| 0:48 | Wisp |
| 1:04 | Wisp |
| 1:18 | Ancient of War |
| 1:25 | Wisp |
| 1:26 | Wisp |
| 1:39 | Moon Well |
| 1:49 | Wisp |
| 1:49 | Wisp |
| 2:02 | Ancient of War |
| 2:05 | Wisp |
| 2:19 | Archer |
| 2:26 | Wisp |
| 2:31 | Moon Well |
| 2:54 | Trueshot Aura |
| 3:20 | Archer |
| 3:21 | Archer |
| 3:32 | Archer |
| 3:53 | Archer |
| 4:10 | Hunter's Hall |
| 4:28 | Archer |
| 4:28 | Archer |
| 4:48 | Archer |
| 4:49 | Archer |
| 5:03 | Archer |
| 5:03 | Archer |
| 5:08 | Searing Arrows |
| 5:15 | Archer |
| 5:15 | Archer |
| 5:25 | Ultravision |
| 5:31 | Archer |
| 5:39 | Archer |
| 5:57 | Archer |
| 6:11 | Archer |
| 6:28 | Archer |
| 6:35 | Archer |
| 6:50 | Archer |
| 7:00 | Searing Arrows |
| 7:12 | Moon Well |
| 7:17 | Ancient Protector |
| 7:20 | Ancient Protector |
| 7:33 | Ancient Protector |
| 7:35 | Wisp |
| 7:35 | Wisp |
| 7:35 | Wisp |
| 8:14 | Archer |
| 8:14 | Archer |
| 8:43 | Archer |
| 9:01 | Archer |
| 9:01 | Archer |
| 9:25 | Archer |
| 9:25 | Archer |
| Right click | 457 |
| Select | 213 |
| Select group | 207 |
| Misc. action | 98 |
| Build/train/purchase | 61 |
| Assign group | 43 |
| Use ability | 32 |
| Remove unit | 5 |
| Esc | 1 |
โ